 Dungeon Crawl Stone Soup version 0.18.1-48-g4cf74bf (webtiles) character file.

2769 Galewin the Fighter (level 9, -11/129 HPs)
             Began as a Purple Draconian Berserker on July 5, 2016.
             Was an Elder of Trog.
             Mangled by Erolcha
             ... wielding a +7 giant club
              (22 damage)
             ... on level 8 of the Dungeon.
             The game lasted 00:21:07 (5376 turns).

Galewin the Fighter (Purple Draconian Berserker)    Turns: 5376, Time: 00:21:08

Health: -11/129    AC: 10    Str: 27    XL:     9   Next: 42%
Magic:  9/9        EV: 14    Int:  8    God:    Trog [****..]
Gold:   300        SH:  5    Dex: 11    Spells: 0 memorised, 8 levels left

rFire  + . .     SeeInvis .     a - +6 hand axe
rCold  + . .     Gourm    .     (armour unavailable)
rNeg   + . .     Faith    .     (no shield)
rPois  +         Spirit   .     (helmet restricted)
rElec  +         Dismiss  .     (no cloak)
rCorr  +         Reflect  +     q - +2 pair of gloves
SustAt .         Harm     .     (no boots)
MR     +++..                    x - +5 amulet of reflection
Stlth  ..........               (no ring)
                                m - ring of positive energy

@: berserking, resistant, very slightly contaminated, regenerating, slowed,
extremely resistant to hostile enchantments, extremely unstealthy
A: breathe power, unfitting armour, electricity resistance, cold-blooded, AC +7
a: Breathe Dispelling Energy, Berserk, Trog's Hand, Brothers in Arms, Burn
Spellbooks, Renounce Religion


You were on level 8 of the Dungeon.
You worshipped Trog.
Trog was greatly pleased with you.
You were not hungry.

You visited 1 branch of the dungeon, and saw 8 of its levels.

You collected 300 gold pieces.

Inventory:

Hand Weapons
 a - a +6 hand axe (weapon)
Armour
 q - a +2 pair of gloves (worn)
Jewellery
 m - a ring of positive energy (left hand)
 x - a +5 amulet of reflection (around neck)
Wands
 n - a wand of lightning (7/15)
Scrolls
 e - 3 scrolls of identify
 g - a scroll of teleportation
 j - a scroll of blinking
 r - 4 scrolls of remove curse
 s - a scroll of fog
Potions
 c - a potion of haste
 h - 2 potions of ambrosia
 i - a potion of invisibility
 k - 2 potions of cancellation
 l - 3 potions of curing
 t - a potion of brilliance
Comestibles
 b - 6 bread rations
 d - 6 meat rations
 f - 3 beef jerkies


   Skills:
 * Level 10.6 Fighting
 + Level 7.1 Axes
 + Level 6.4 Dodging


You had 8 spell levels left.
You didn't know any spells.

Dungeon Overview and Level Annotations

Branches:
Dungeon (8/15)             Temple (0/1) D:4
   Lair: D:8-11

Altars:
Ashenzari
Cheibriados
Dithmenos
Makhleb
Nemelex Xobeh
Trog
Vehumet
Xom
Yredelemnul

Annotations:
D:8 Erolcha


Innate Abilities, Weirdness & Mutations

You can breathe bolts of dispelling energy.
Your rich purple scales are hard (AC +7).
Your body does not fit into most forms of armour.
You are cold-blooded and may be slowed by cold attacks.
You are resistant to electric shocks.


Message History

Erolcha gestures wildly while chanting.
Erolcha flickers and vanishes!
Deactivating autopickup; reactivate with Ctrl-A.
Something completely misses you.
You barely miss something. You tail-slap something. Something hits you!!
You hit something. Something barely misses you.
You slash something! You slash something!
Something hits you but does no damage.
You hit something. Something hits you!!
You slash something! You tail-slap something.
You hear some strange, mumbled words.
You feel yourself slow down.
Your skin crawls.
You feel resistant to hostile enchantments.
You feel slightly more hungry. Something hits you!!
* * * LOW HITPOINT WARNING * * *
A red film seems to cover your vision as you go berserk!
You feel yourself moving faster!
You feel mighty!
You feel somewhat more hungry. Something hits you!!
You die...

### ## #.. #.###.#
#...... # #..##Z#
.# #.##{# ..
#..#@#.#
#############.#5h.#
.................##
#####
##.###.######.####
..... ...# #.# #.#
##### ...###.# #$#
##.....# #.#
#.#.### #.# # #.#.#
#.# ###


You could see a centaur zombie, a friendly crimson imp and a friendly jackal.

Vanquished Creatures
  The ghost of Britaniac the Basher, a novice GrFi (D:6)
  A wyvern (D:8)
  Duvessa (D:6)
  2 orc warriors
  A phantom (D:4)
  A centaur (D:3)
  The ghost of junkhipster the Skirmisher, an amateur GrFi (D:3)
  3 giant frogs
  A gnoll sergeant (D:7)
  Dowan (D:6)
  A scorpion (D:7)
  2 howler monkeys (D:7)
  A crimson imp (D:7)
  3 centaur zombies (D:6)
  5 orc priests
  3 hounds
  2 giant frog skeletons
  2 jellies
  8 orc wizards
  An iguana (D:4)
  Ijyb (D:2)
  6 worker ants
  A hound zombie (D:6)
  5 gnolls (D:7)
  7 adders
  3 shadow imps
  3 oozes
  2 adder skeletons
  5 worms
  5 giant geckos
  32 orcs
  4 ball pythons
  5 bats
  3 giant cockroaches
  8 goblins
  4 hobgoblins
  8 jackals
  3 quokkas
  5 giant newts
  3 kobolds
  A quokka skeleton (D:8)
  8 rats
163 creatures vanquished.

Notes
Turn   | Place    | Note
--------------------------------------------------------------
     0 | D:1      | Galewin the Draconian Berserker began the quest for the Orb.
     0 | D:1      | Reached XP level 1. HP: 19/19 MP: 1/1
   110 | D:1      | Reached XP level 2. HP: 27/27 MP: 2/2
   310 | D:1      | Reached skill level 4 in Fighting
   682 | D:2      | Reached XP level 3. HP: 30/33 MP: 3/3
   717 | D:2      | Reached ** piety under Trog
   729 | D:2      | Found a burning altar of Makhleb.
   803 | D:2      | Reached XP level 4. HP: 40/41 MP: 4/4
   913 | D:2      | Noticed Ijyb
   929 | D:2      | Killed Ijyb
   929 | D:2      | Reached skill level 5 in Fighting
  1393 | D:3      | Noticed junkhipster's ghost (amateur GrFi)
  1409 | D:3      | Killed junkhipster's ghost
  1409 | D:3      | Reached XP level 5. HP: 20/48 MP: 5/5
  1708 | D:3      | Found a shattered altar of Ashenzari.
  1805 | D:3      | Found a snail-covered altar of Cheibriados.
  1805 | D:3      | Found a bloodstained altar of Trog.
  1869 | D:3      | Noticed a centaur
  1878 | D:3      | Killed a centaur
  1878 | D:3      | Reached skill level 6 in Fighting
  1878 | D:3      | Reached XP level 6. HP: 24/57 MP: 6/6
  2008 | D:3      | Reached *** piety under Trog
  2392 | D:4      | Gained mutation: Your flesh is heat resistant. [potion of mutation]
  2392 | D:4      | Lost mutation: Your flesh is heat resistant. [potion of mutation]
  2392 | D:4      | Gained mutation: You are resistant to electric shocks. [potion of mutation]
  2768 | D:4      | Found a staircase to the Ecumenical Temple.
  3003 | D:5      | Entered Level 5 of the Dungeon
  3049 | D:5      | Your scales start taking on a rich purple colour.
  3049 | D:5      | Reached XP level 7. HP: 29/64 MP: 7/7
  3184 | D:5      | Found a sparkling altar of Nemelex Xobeh.
  3191 | D:5      | Found a radiant altar of Vehumet.
  3192 | D:5      | Found a shimmering altar of Xom.
  3343 | D:5      | Reached skill level 7 in Fighting
  3500 | D:5      | Reached skill level 5 in Axes
  3722 | D:6      | Noticed Dowan
  3730 | D:6      | Noticed Duvessa
  3743 | D:6      | Killed Duvessa
  3746 | D:6      | Killed Dowan
  3746 | D:6      | Reached skill level 5 in Dodging
  3746 | D:6      | Reached XP level 8. HP: 64/74 MP: 8/8
  3793 | D:6      | Reached **** piety under Trog
  3793 | D:6      | Reached skill level 8 in Fighting
  4247 | D:6      | Noticed Britaniac's ghost (novice GrFi)
  4264 | D:6      | Killed Britaniac's ghost
  4264 | D:6      | Reached skill level 9 in Fighting
  4393 | D:7      | Found a shadowy altar of Dithmenos.
  4491 | D:7      | Reached XP level 9. HP: 85/85 MP: 9/9
  4723 | D:7      | Reached skill level 10 in Fighting
  4754 | D:7      | Found a basalt altar of Yredelemnul.
  5363 | D:8      | Noticed Erolcha
  5376 | D:8      | Mangled by Erolcha

Skill      XL: |  1  2  3  4  5  6  7  8  9 |
---------------+----------------------------+-----
Fighting       | 4 5 6 7 9 10 | 10.6
Dodging        | 3 4 5 6 |  6.4
Axes           | 4 5 6 7 |  7.1

Action                   |  1- 3 |  4- 6 |  7- 9 || total
-------------------------+-------+-------+-------++-------
Melee: Hand axe          |    70 |   216 |   231 ||   517
       Tailslap          |     4 |    24 |    44 ||    72
Invok: Berserk           |       |     1 |     6 ||     7
       Trog's Hand       |       |       |     4 ||     4
       Burn Spellbooks   |       |       |     1 ||     1
 Abil: Breathe Dispellin |       |       |     8 ||     8
  Use: Scroll            |     3 |     9 |    10 ||    22
       Potion            |     3 |     8 |     2 ||    13
 Stab: Sleeping          |     2 |     3 |       ||     5
  Eat: Bread ration      |       |     2 |     1 ||     3
       Chunk             |       |     3 |     7 ||    10
       Fruit             |       |       |     1 ||     1
       Pizza             |       |       |     1 ||     1
Armor: Skin              |    18 |    63 |    43 ||   124
Dodge: Dodged            |    50 |   147 |   129 ||   326
Block: Other             |       |       |     1 ||     1
